 Dungeon Crawl Stone Soup version 0.29.1-15-g9cfb28693d (webtiles) character file.

Game seed: 17821435930382682814

3192 Farfigtubin the Cleaver (level 9, -2/83 HPs)
             Began as a Hill Orc Fighter on Feb 28, 2023.
             Was a Follower of Beogh.
             Slain by a wyvern (14 damage)
             ... on level 7 of the Dungeon on Mar 1, 2023.
             The game lasted 00:48:55 (9316 turns).

Farfigtubin the Cleaver (Hill Orc Fighter)          Turns: 9316, Time: 00:48:55

Health: -2/83      AC: 12    Str: 23    XL:     9   Next: 96%
Magic:  9/9        EV:  6    Int:  8    God:    Beogh [*.....]
Gold:   454        SH:  7    Dex: 10    Spells: 8/8 levels left

rFire   . . .      SeeInvis .   a - +0 war axe
rCold   . . .      Faith    .   t - +2 buckler
rNeg    . . .      Spirit   .   u - +0 plate armour
rPois   +          Reflect  .   (no helmet)
rElec   .          Harm     .   (no cloak)
rCorr   .          Rampage  .   (no gloves)
Will    .....                   (no boots)
Stlth   ..........              (no amulet)
HPRegen 0.23/turn               p - ring of poison resistance
MPRegen 0.11/turn               D - +4 ring of slaying

@: no status effects
A: no striking features
a: Renounce Religion


You were on level 7 of the Dungeon.
You worshipped Beogh.
Beogh was aware of your devotion.
You visited 2 branches of the dungeon, and saw 9 of its levels.
You also visited: Sewer and Ossuary.

You collected 454 gold pieces.

Inventory:

Hand Weapons
 a - a +0 war axe (weapon)
 x - a +0 dire flail of protection
Missiles
 w - 5 boomerangs (quivered)
 B - 69 stones
 F - 6 poisoned darts
 G - 8 javelins
Armour
 t - a +2 buckler (worn)
 u - a +0 plate armour (worn)
Jewellery
 b - a ring of see invisible
 o - a ring of positive energy
 p - a ring of poison resistance (left hand)
 D - a +4 ring of slaying (right hand)
 L - a ring of resist corrosion
Wands
 n - a wand of paralysis (6)
Scrolls
 c - 2 scrolls of blinking {unknown}
 h - a scroll of magic mapping {unknown}
 i - a scroll of identify {@r1}
 j - 2 scrolls of acquirement {unknown}
 l - 9 scrolls of teleportation
 y - 2 scrolls of butterflies {unknown}
 A - a scroll of amnesia {unknown}
 E - 3 scrolls of immolation {unknown}
 H - a scroll of enchant weapon {unknown}
 I - 2 scrolls of poison {unknown}
 M - a scroll of vulnerability {unknown}
 O - a scroll of noise {unknown}
 P - a scroll of torment {unknown}
Potions
 d - 6 potions of brilliance
 e - 2 potions of invisibility {unknown}
 f - 2 potions of resistance {unknown}
 g - 9 potions of curing
 k - 5 potions of heal wounds
 m - a potion of haste
 q - 2 potions of degeneration {unknown}
 r - a potion of mutation {unknown}
 s - a potion of cancellation {unknown}
 v - a potion of berserk rage {unknown}
 z - 4 potions of flight {unknown}
 C - a potion of might
 J - a potion of ambrosia {unknown}
 K - a potion of attraction {unknown}
 N - 3 potions of lignification {unknown}


   Skills:
 + Level 9.0 Fighting
 * Level 12.7 Axes
 + Level 6.1 Armour
 - Level 6.3 Shields


You had 8 spell levels left.
You didn't know any spells.
Your spell library contained the following spells:

 Spells                   Type           Power      Damage    Failure   Level
 Sting                    Tmut/Pois      0%         1d3       100%        1
 Poisonous Vapours        Pois/Air       0%         N/A       100%        2
 Conjure Flame            Conj/Fire      0%         6-21      100%        3
 Ignite Poison            Fire/Tmut/Pois 0%         N/A       100%        3
 Anguish                  Hex/Necr       0%         N/A       100%        4
 Olgreb's Toxic Radiance  Pois           0%         N/A       100%        4
 Sticky Flame             Conj/Fire      0%         2d3       100%        4
 Summon Ice Beast         Ice/Summ       0%         N/A       100%        4
 Summon Mana Viper        Hex/Summ       0%         N/A       100%        5
 Enfeeble                 Hex            0%         N/A       100%        7
 Monstrous Menagerie      Summ           0%         N/A       100%        7


Dungeon Overview and Level Annotations

Branches:
Dungeon (8/15)             Temple (1/1) D:7           Sewer (visited)
Ossuary (visited)
   Lair: D:8-11

Altars:
Ashenzari
Cheibriados
Dithmenos
Fedhas
Gozag
Hepliaklqana
Kikubaaqudgha
Makhleb
Okawaru
Qazlal
Ru
Sif Muna
Uskayaw
Vehumet
Wu Jian
Zin
The Shining One

Shops:
D:2 (   D:4 ?   D:5 *

Annotations:
D:8 Psyche


Message History

The wyvern is moderately wounded.
The wyvern bites you.
* * * LOW HITPOINT WARNING * * *
A wyvern is nearby!
Unknown command.
Aiming: Paralyse
Press: ? - help, Shift-Dir - straight line, f - wyvern
Aim: a wyvern (moderately wounded, chance to affect: 49%)
The wyvern resists with some effort.
The wyvern bites you.
* * * LOW HITPOINT WARNING * * *
The wyvern barely misses you.
You closely miss the wyvern.
The wyvern is moderately wounded.
You block the wyvern's attack.
You barely miss the wyvern.
The wyvern is moderately wounded.
The wyvern bites you!
* * * LOW HITPOINT WARNING * * *
You feel much better.
The wyvern bites you but does no damage. x2
You closely miss the wyvern.
The wyvern is moderately wounded.
The wyvern completely misses you.
You slash the wyvern!
The wyvern is almost dead.
The wyvern barely misses you. The wyvern bites you!
* * * LOW HITPOINT WARNING * * *
You barely miss the wyvern.
The wyvern is almost dead.
The wyvern bites you.
* * * LOW HITPOINT WARNING * * *
You closely miss the wyvern.
The wyvern is severely wounded.
The wyvern bites you but does no damage.
You barely miss the wyvern.
The wyvern is severely wounded.
You block the wyvern's attack. The wyvern bites you!
* * * LOW HITPOINT WARNING * * *
You feel better. The wyvern bites you!
You die...

########## #........#
#########.######.#######
.......................#
...............#.#.###.#
..........####...#.# #.#
..........####.#.#.###.#
...............l@......#
..........####.#.#.#####
..........####.#.#...##
......................#
###.#.###+#.##.#...#..#
.##.#.#.....####......#
.##.#.......##........#
............####...#..#
....#.......####...#..#######


You could see a wyvern.

Vanquished Creatures
  A hornet (D:7)
  Grinder (D:4)
  Prince Ribbit (D:5)
  A wyvern (D:7)
  Menkaure (D:4)
  Edmund (D:5)
  Duvessa (D:4)
  An orc warrior (D:6)
  An ice beast (D:6)
  A sky beast (D:7)
  An ogre (D:4)
  3 bullfrogs
  5 necrophages
  2 scorpions
  5 water moccasin zombies (Ossuary)
  Dowan (D:4)
  A jelly (D:6)
  6 hounds
  An orc priest (D:6)
  Crazy Yiuf (D:4)
  2 iguanas
  5 orc wizards
  2 mummies (Ossuary)
  4 gnolls (D:4)
  6 river rats (Sewer)
  13 adders
  A shadow imp (D:7)
  2 white imps
  7 adder zombies (Ossuary)
  2 worms
  14 orcs
  6 endoplasms
  3 giant cockroaches
  2 gnoll zombies (Ossuary)
  5 goblins
  5 hobgoblins
  6 quokkas
  13 ball pythons
  2 bats
  6 frilled lizards
  5 hobgoblin zombies (Ossuary)
  6 kobolds
  2 kobold zombies (Ossuary)
  6 orc zombies (Ossuary)
  31 rats
192 creatures vanquished.

Notes
Turn   | Place    | Note
-------+----------+-------------------------------------------
     0 | D:1      | Farfigtubin the Hill Orc Fighter began the quest for the
                  | Orb.
     0 | D:1      | Reached XP level 1. HP: 19/19 MP: 1/1
   100 | D:1      | Reached skill level 3 in Axes
   111 | D:1      | Reached XP level 2. HP: 27/27 MP: 2/2
   554 | D:3      | Found a faded altar of an unknown god.
   613 | D:3      | Found an ornate altar of the Wu Jian Council.
   635 | D:3      | Reached XP level 3. HP: 8/33 MP: 3/3
  1001 | D:3      | You fall into a shaft and drop 1 floor!
  1001 | D:4      | Found a glowing drain.
  1025 | D:4      | Reached skill level 4 in Axes
  1028 | Sewer    | Entered a sewer
  1174 | Sewer    | Reached XP level 4. HP: 27/40 MP: 4/4
  1767 | Sewer    | Reached skill level 5 in Axes
  1874 | Sewer    | Reached XP level 5. HP: 41/47 MP: 5/5
  2001 | Sewer    | Reached skill level 5 in Fighting
  2001 | Sewer    | Reached skill level 6 in Axes
  2001 | Sewer    | Reached XP level 6. HP: 21/56 MP: 6/6
  2768 | D:4      | Noticed Grinder
  3278 | D:3      | Found a snail-covered altar of Cheibriados.
  3318 | D:4      | Reached skill level 7 in Axes
  3318 | D:4      | Reached skill level 5 in Shields
  3343 | D:5      | Entered Level 5 of the Dungeon
  3371 | D:5      | Reached XP level 7. HP: 61/61 MP: 7/7
  3389 | D:5      | Noticed Edmund
  3401 | D:5      | Killed Edmund
  3423 | D:5      | Reached skill level 8 in Axes
  3458 | D:5      | Noticed Prince Ribbit
  3509 | D:5      | Killed Prince Ribbit
  3510 | D:5      | Reached XP level 8. HP: 15/71 MP: 8/8
  3528 | D:5      | Found a sand-covered staircase.
  3537 | Ossuary  | Entered an ossuary
  3898 | Ossuary  | Reached skill level 9 in Axes
  4306 | D:5      | Became a worshipper of Beogh the Brigand
  4391 | D:5      | Found Viyss's Assorted Antiques.
  4508 | D:6      | Found a stormy altar of Qazlal.
  4517 | D:6      | Reached skill level 10 in Axes
  5140 | D:6      | Reached XP level 9. HP: 7/80 MP: 9/9
  6725 | D:2      | Found Duloixi's Antique Weapon Shop.
  6868 | D:4      | Reached skill level 11 in Axes
  6906 | D:4      | Paralysed by Grinder for 5 turns
  6919 | D:4      | Killed Grinder
  6919 | D:4      | Reached * piety under Beogh
  6920 | D:4      | Reached skill level 5 in Armour
  7163 | D:4      | Found Dolerr's Magic Scroll Shoppe.
  7295 | D:4      | Noticed Dowan
  7295 | D:4      | Noticed Duvessa
  7301 | D:4      | Killed Duvessa
  7304 | D:4      | Killed Dowan
  7337 | D:4      | Found a runed translucent door.
  7338 | D:4      | Noticed Crazy Yiuf
  7411 | D:4      | Noticed Menkaure
  7417 | D:4      | Killed Menkaure
  7755 | D:4      | Killed Crazy Yiuf
  8346 | D:6      | Reached skill level 12 in Axes
  8573 | D:7      | Noticed a hornet
  8583 | D:7      | Killed a hornet
  8872 | D:7      | Found a staircase to the Ecumenical Temple.
  8883 | Temple   | Entered the Ecumenical Temple
  9271 | D:8      | Noticed Psyche
  9315 | D:7      | HP: 2/83 [wyvern (13)]
  9316 | D:7      | Slain by a wyvern

Illustrated notes

Levels and vault maps discovered:
D:1:      onia_arrival_pyramid, layout_basic, minmay_tripent
D:2:      layout_basic, serial_shops, nicolae_shop_waterfront
D:3:      layout_basic, slow_altar_2, mainiacjoe_overflow_six_doors_small,
          hellmonk_ecumenical_altar_pennies_from_heaven
D:4:      layout_basic, serial_shops, shop, cheibrodos_sewer_entry_bend,
          uniq_crazy_yiuf_cottage, uniq_duvessa, uniq_menkaure, uniq_grinder
D:5:      layout_basic, enter_ossuary_3, serial_shops, nicolae_stop_n_shop_2,
          uniq_prince_ribbit1, uniq_edmund
D:6:      layout_rooms, nicolae_qazlal_style_of_elements
D:7:      layout_basic, minmay_temple_entry_purple_smoke
D:8:      layout_cave_pools, trog_hazing_becter,
          mainiacjoe_overflow_surrounded_room, uniq_psyche
Temple:   eino_temple_lava

Skill      XL: |  1  2  3  4  5  6  7  8  9 |
---------------+----------------------------+-----
Axes           | 3 4 5 6 7 8 10 12 | 12.7
Fighting       | 4 5 6 7 9 |  9.0
Shields        | 4 5 6 |  6.3
Armour         | 4 6 |  6.1

Action                   |  1- 3 |  4- 6 |  7- 9 || total
-------------------------+-------+-------+-------++-------
Melee: War axe           |   108 |   146 |   385 ||   639
Throw: Stone             |     7 |    17 |       ||    24
       Javelin           |       |     3 |    10 ||    13
       Boomerang         |       |       |     5 ||     5
Invok: Convert to Beogh  |       |       |     1 ||     1
Evoke: Wand              |       |       |     5 ||     5
  Use: Potion            |       |     1 |     2 ||     3
       Scroll            |       |     1 |     3 ||     4
 Stab: Paralysed         |       |       |     8 ||     8
Armor: Scale mail        |    45 |    46 |       ||    91
       Plate armour      |       |    19 |   143 ||   162
Dodge: Dodged            |    54 |    70 |    60 ||   184
Block: Buckler           |     9 |    46 |    93 ||   148
